 Dungeon Crawl Stone Soup version 0.31.0-12-g77e489cdc1 (console) character file.

Game seed: 9978785746600531894

4 AlterAsc the Shield-Bearer (level 1, -1/18 HPs)
             Began as a Formicid Fighter on Mar 3, 2024.
             Frozen to death by an endoplasm (3 damage)
             ... on level 1 of the Dungeon.
             The game lasted 00:00:17 (134 turns).

AlterAsc the Shield-Bearer (Formicid Fighter)        Turns: 134, Time: 00:00:17

Health: -1/18      AC:  6    Str: 20    XL:     1   Next: 77%
Magic:  1/1        EV:  9    Int:  7    God:
Gold:   0          SH:  5    Dex: 13    Spells: 0/0 levels left

rFire   . . .        a - +0 war axe
rCold   . . .        c - +0 buckler
rNeg    . . .        b - +0 scale mail
rPois   .            (helmet unavailable)
rElec   .            (no cloak)
rCorr   .            (no gloves)
SInv    +            (no boots)
Will    .....        (no amulet) Stlth
                     (no ring)
HPRegen 0.23/turn    (no ring)
MPRegen 0.07/turn

%: no passive effects
@: no status effects
A: permanent stasis, dig shafts and tunnels, antennae 3, four strong arms
a: Dig, Shaft Self


You were on level 1 of the Dungeon.
You visited 1 branch of the dungeon, and saw 1 of its levels.

Inventory:

Hand Weapons
 a - a +0 war axe (weapon)
Armour
 b - a +0 scale mail (worn)
 c - a +0 buckler (worn)
Scrolls
 e - a scroll of vulnerability {unknown}
Potions
 d - a potion of might
 f - a potion of magic {unknown}


   Skills:
 - Level 3.2 Fighting
 + Level 2.4 Axes
 - Level 3.2 Armour
 - Level 4.0 Shields


You couldn't memorise any spells.
You didn't know any spells.
Your spell library was empty.

Dungeon Overview and Level Annotations

Branches:
Dungeon (1/15)

Altars:


Innate Abilities, Weirdness & Mutations

You cannot be hasted, slowed, berserked, paralysed or teleported.
You can dig through walls and to a lower floor.
You have a pair of large antennae on your head. (SInv)
Your four strong arms can wield two-handed weapons with a shield.


Message History

The ball python constricts you.
You closely miss the ball python.
The ball python is heavily wounded.
The ball python bites you. The ball python constricts you.
You completely miss the ball python.
The ball python is heavily wounded.
The ball python bites you. The ball python constricts you.
The ball python bites you. The ball python constricts you.
You slash the ball python!
You kill the ball python!
No target in view!
f - a ruby potion You see here a ball python corpse.
You sense a monster nearby.
You sense a monster nearby.
No target in view!
No target in view!
No target in view!
A rat and a hobgoblin come into view.
The rat squeaks loudly.
The hobgoblin shouts!
You hear a shout!
A gnoll and an endoplasm come into view.
The endoplasm quivers.
The hobgoblin closely misses you.
You barely miss the hobgoblin. You block the hobgoblin's attack.
You slash the rat!
You kill the rat!
You barely miss the hobgoblin.
The hobgoblin hits you but does no damage.
You closely miss the gnoll. You hit the hobgoblin.
You block the hobgoblin's attack. The gnoll hits you with a +0 flail!
You block the gnoll's attack. The hobgoblin hits you.
You hit the gnoll but do no damage. You hit the hobgoblin.
You kill the hobgoblin!
You block the gnoll's attack.
You slash the gnoll!
The gnoll is heavily wounded.
You hit the endoplasm. The endoplasm closely misses you.
The gnoll hits you with a +0 flail!
* * * LOW HITPOINT WARNING * * *
The gnoll barely misses you. The endoplasm freezes you.
You are frozen.
You die...

### ########## ..#####
#........# .......
#........# .......
#........# .......
#........# .......
#........########g......
#####.##†.......@$.....#
#.#...#######J.....#
#.....# ......# ###...#
....... #...# ###.#..
#...# .... #...# ...
#..## .. #.## ###.#
#...#


You could see a gnoll and an endoplasm.

Vanquished Creatures
  A ball python (D:1)
  An endoplasm (D:1)
  A hobgoblin (D:1)
  A rat (D:1)
4 creatures vanquished.

Notes
Turn   | Place    | Note
-------+----------+-------------------------------------------
     0 | D:1      | AlterAsc the Formicid Fighter began the quest for the Orb.
     0 | D:1      | Reached XP level 1. HP: 18/18 MP: 1/1
   134 | D:1      | Frozen to death by an endoplasm

Illustrated notes

Levels and vault maps discovered:
D:1:      saegor_arrival_simple_c, layout_rooms,
          chequers_ecumenical_altar_simple_redux, supply_closet_lemuel

Action                     || total
---------------------------++-------
  Melee: War axe           ||    17
 Armour: Scale mail        ||    10
  Dodge: Dodged            ||    10
  Block: Buckler           ||     6
